 Dungeon Crawl Stone Soup version 0.21.1-1-g345015fe64 (webtiles) character file.

69 Peloso the Shield-Bearer (level 4, -1/40 HPs)
             Began as a Minotaur Fighter on June 24, 2018.
             Slain by an orc priest
             ... wielding a +0 mace
              (5 damage)
             ... on level 3 of the Dungeon.
             The game lasted 00:03:52 (2334 turns).

Peloso the Shield-Bearer (Minotaur Fighter)         Turns: 2334, Time: 00:03:53

Health: -1/40      AC: 10    Str: 20    XL:     4   Next: 2%
Magic:  3/3        EV:  5    Int:  5    God:
Gold:   181        SH:  9    Dex: 11    Spells: 3/3 levels left

rFire    . . .     SeeInvis .   a - +0 long sword
rCold    . . .     Gourm    .   c - +0 shield
rNeg     + . .     Faith    .   b - +0 chain mail
rPois    .         Spirit   .   (helmet restricted)
rElec    .         Reflect  .   (no cloak)
rCorr    .         Harm     .   h - +0 pair of gloves
MR       .....                  (no boots)
Stlth    ..........             (no amulet)
HPRegen  0.13/turn              j - ring of positive energy
MPRegen  0.08/turn              (no ring)

@: no status effects
A: retaliatory headbutt, horns 2
a: no special abilities


You were on level 3 of the Dungeon.
You were not hungry.

You visited 1 branch of the dungeon, and saw 3 of its levels.

You collected 181 gold pieces.

Inventory:

Hand Weapons
 a - a +0 long sword (weapon)
Missiles
 k - 18 bolts
Armour
 b - a +0 chain mail (worn)
 c - a +0 shield (worn)
 h - a +0 pair of gloves (worn)
Jewellery
 j - a ring of positive energy (left hand)
Scrolls
 e - a scroll of fear {unknown}
 l - 2 scrolls of remove curse
 m - a scroll of identify
Potions
 d - a potion of might
 g - a potion of degeneration {unknown}
 i - a potion of haste {unknown}
Comestibles
 f - 3 rations


   Skills:
 + Level 4.2 Fighting
 + Level 3.1 Long Blades
 + Level 4.3 Armour
 + Level 0.3 Dodging
 + Level 4.4 Shields


You had 3 spell levels left.
You didn't know any spells.

Dungeon Overview and Level Annotations

Branches:
Dungeon (3/15)

Altars:
Ashenzari
Yredelemnul


Innate Abilities, Weirdness & Mutations

You reflexively headbutt those who attack you in melee.
You have a pair of horns on your head.


Message History

Your shield and chain mail prevent you from hitting the orc.
Your headbutt misses the orc. You block the orc's attack.
Your shield and chain mail prevent you from hitting the orc.
Your headbutt misses the orc. The orc hits you but does no damage.
The orc priest invokes the aid of Beogh against you.
Beogh smites you!
* * * LOW HITPOINT WARNING * * *
You hit the orc.
The orc is severely wounded.
You block the orc's attack. The orc hits you but does no damage.
You barely miss the orc.
You kill the orc!
You have reached level 4!
You feel agile.
You closely miss the orc priest. The orc priest hits you with a mace.
* * * LOW HITPOINT WARNING * * *
You hit the orc priest. You headbutt the orc priest.
The orc priest is moderately wounded.
The orc priest hits you with a mace.
You die...

......####
###+####.# .o.8..#..
>.# #........#
........# #.#
#......... ........#
#.# #........#
......o.# #(#
#......... ...8..#o#
#.# #........#
......#.#
#.####...†.....
#####
#.####.............#
#oo@............<#.#
##########.#.#####.#
#.#.......#
#.######### #.# #..
### ## #. #.


You could see an orc priest and an orc.

Vanquished Creatures
  An adder (D:2)
  An ooze (D:1)
  3 worms
  A dart slug (D:3)
  A leopard gecko (D:1)
  3 orcs (D:3)
  6 bats
  A giant cockroach (D:2)
  2 goblins
  3 hobgoblins
  A ball python (D:3)
  3 frilled lizards
  2 gnoll zombies (D:2)
  A jackal skeleton (D:3)
  7 kobolds
  8 rats
44 creatures vanquished.

Notes
Turn   | Place    | Note
-------+----------+-------------------------------------------
     0 | D:1      | Peloso the Minotaur Fighter began the quest for the Orb.
     0 | D:1      | Reached XP level 1. HP: 19/19 MP: 0/0
   258 | D:1      | Reached XP level 2. HP: 26/27 MP: 1/1
  1033 | D:2      | Reached XP level 3. HP: 33/33 MP: 2/2
  1534 | D:2      | Found a basalt altar of Yredelemnul.
  2006 | D:3      | Found a shattered altar of Ashenzari.
  2332 | D:3      | Reached XP level 4. HP: 5/40 MP: 3/3
  2334 | D:3      | Slain by an orc priest

Skill      XL: |  1  2  3 |
---------------+----------+-----
Armour         | 4 |  4.3
Fighting       | 4 |  4.2
Shields        | 4 |  4.4
Long Blades    | 3 |  3.1
Dodging        | |  0.3

Action                   |  1- 3 |  4- 6 || total
-------------------------+-------+-------++-------
Melee: Long sword        |    96 |     2 ||    98
       Headbutt          |    20 |     1 ||    21
  Use: Scroll            |     3 |       ||     3
  Eat: Ration            |     1 |       ||     1
       Chunk             |     1 |       ||     1
Armor: Chain mail        |    47 |       ||    47
       Scale mail        |     4 |       ||     4
Dodge: Dodged            |    24 |       ||    24
Block: Shield            |    50 |       ||    50
       Rpst.: Long sword |     9 |       ||     9
